cohdb
Replays
Latest Replays
All Replays
Popular Replays
Top Player Replays
Match Explorer
How It Works
Community
CoH3 Stats
Reddit
Sign in to upload your games and track your stats! →
Sign in with Steam
Match 42424167
Unlisted
Match 42424167
Overview
Messages
Build Orders
End
Construct Barracks
Selects Armored Battlegroup
Selects Veteran Crews
Riflemen Squad
Riflemen Squad
M1 Mortar Team
Mechanized Support Center
Construct Weapon Support Center
M3 Armored Personnel Carrier
Riflemen Squad
M3 Armored Personnel Carrier
Selects Strength in Steel
Engineer Squad
Designate Forward Repair Station
Improvised Armor
Sniper
Construct Tank Depot
Scout Squad
Selects M8 Scott SPG
Selects UNKNOWN (2160077)
M4A3E8 Sherman Easy Eight
M4A3E8 Sherman Easy Eight
Selects M31 Recovery Vehicle
M4A3E8 Sherman Easy Eight
M31 Recovery Vehicle
Selects War Machine
M4A3E8 Sherman Easy Eight
Rapid Repairs
Riflemen Squad
M4A3E8 Sherman Easy Eight
Microsoft Outlook
deadsadbadmad
Blabby_Elm_2.0
Fabi
0
0
Comments
sign in to comment!
No comments posted yet!